 Dungeon Crawl Stone Soup version 0.20-a0-876-g2c7b0bf (webtiles) character file.

409 krabocopter the Firebug (level 6, -1/53 HPs)
             Began as an Ogre Fire Elementalist on Mar 15, 2017.
             Slain by a worker ant (6 damage)
             ... on level 3 of the Dungeon.
             The game lasted 00:18:28 (5288 turns).

krabocopter the Firebug (Ogre Fire Elementalist)    Turns: 5288, Time: 00:18:29

Health: -1/53      AC:  5    Str: 18    XL:     6   Next: 89%
Magic:  1/9        EV: 10    Int: 20    God:
Gold:   147        SH:  0    Dex:  9    Spells: 6/9 levels left

rFire    . . .     SeeInvis .   e - +0 dagger
rCold    . . .     Gourm    .   a - +0 robe
rNeg     . . .     Faith    .   (no shield)
rPois    .         Spirit   .   (helmet restricted)
rElec    .         Reflect  .   v - +1 cloak
rCorr    .         Harm     .   (gloves unavailable)
MR       .....     Clarity  +   (boots unavailable)
Stlth    +.........             (no amulet)
Regen    0.2/turn               h - +2 ring of intelligence
MPRegen  0.2/turn               f - ring of wizardry

@: mighty, lethally poisoned (-1 -> -7)
A: unfitting armour, clarity, tough skin 1, MP-powered wands
a: no special abilities


You were on level 3 of the Dungeon.
You were very hungry.

You visited 2 branches of the dungeon, and saw 5 of its levels.

You collected 147 gold pieces.

Inventory:

Hand Weapons
 e - a +0 dagger (weapon)
Armour
 a - a +0 robe (worn)
 v - a +1 cloak (worn)
Jewellery
 f - a ring of wizardry (left hand)
 h - a +2 ring of intelligence (right hand)
 j - an uncursed ring of positive energy
 k - an uncursed ring of stealth
Wands
 d - a wand of clouds (2/9)
 t - a wand of acid (4/15)
Scrolls
 n - a scroll of recharging {unknown}
 o - 2 scrolls of remove curse {unknown}
 r - 3 scrolls of identify
 u - 2 scrolls of enchant weapon {unknown}
 x - a scroll of teleportation {unknown}
 y - a scroll of amnesia {unknown}
Potions
 l - a potion of agility {unknown}
 m - a potion of berserk rage {unknown}
 w - a potion of ambrosia {unknown}
 z - a potion of flight {unknown}
Books
 b - a book of Flames

   Spells                             Type                      Level
   a - Flame Tongue                   Conjuration/Fire             1
   b - Throw Flame                    Conjuration/Fire             2
   c - Conjure Flame                  Conjuration/Fire             3
   d - Inner Flame                    Hexes/Fire                   3
   e - Sticky Flame                   Conjuration/Fire             4
   f - Fireball                       Conjuration/Fire             5
 q - a book of Conjurations

   Spells                             Type                      Level
   a - Magic Dart                     Conjuration                  1
   b - Searing Ray                    Conjuration                  2
   c - Dazzling Spray                 Conjuration/Hexes            3
   d - Fulminant Prism                Conjuration/Hexes            4
   e - Force Lance                    Conjuration/Translocation    4
   f - Iskenderun's Mystic Blast      Conjuration                  4
Comestibles
 c - 2 bread rations
 i - 4 royal jellies
 p - a meat ration


   Skills:
 - Level 1.7 Dodging
 - Level 1.4 Stealth
 - Level 2.4 Spellcasting
 + Level 4.3 Conjurations
 + Level 5.2 Fire Magic


You had 6 spell levels left.
You knew the following spells:

 Your Spells              Type           Power        Failure   Level  Hunger
a - Flame Tongue          Conj/Fire      ###..        1%          1    #......
b - Searing Ray           Conj           ###...       1%          2    ##.....


Dungeon Overview and Level Annotations

Branches:
Dungeon (4/15)             Temple (1/1) D:4

Altars:
Ashenzari
Cheibriados
Dithmenos
Elyvilon
Fedhas
Gozag
Hepliaklqana
Kikubaaqudgha
Makhleb
Nemelex Xobeh
Okawaru
Qazlal
Trog
Uskayaw
Vehumet
Wu Jian
Xom
Zin
The Shining One


Innate Abilities, Weirdness & Mutations

You are too large for most types of armour.
You have tough skin. (AC +1)
You possess an exceptional clarity of mind.
You expend magic power (3 MP) to strengthen your wands.


Message History

The worker ant closely misses you. The worker ant barely misses you.
You take 1 damage, and have 16/53 hp.
You now have 0/9 mp.
It was a potion of might.
You feel very mighty all of a sudden.
You feel sick.
The worker ant bites you but does no damage.
You take 1 damage, and have 15/53 hp.
You barely miss the worker ant.
You feel sick. The worker ant barely misses you.
You take 1 damage, and have 14/53 hp.
You barely miss the worker ant. The worker ant bites you.
* * * LOW HITPOINT WARNING * * *
You take 1 damage, and have 13/53 hp.
You hit the worker ant.
You feel sick. The worker ant bites you.
* * * LOW HITPOINT WARNING * * *
You take 7 damage, and have 6/53 hp.
You hit the worker ant.
* * * LOW HITPOINT WARNING * * *
You feel sick. The worker ant barely misses you. The worker ant bites you.
You die...

#.# #.# ## ########.##
.################# #.........#
.................# #.........#
.###############.# #.....[...# ##
#.# ##.......## #
###.####.....<.# #
####..@a..........# #
#....#.###........#
###########....#.# #........#
...............#.###........#
...########...##.#..........#
...# #...##.#.#.######## ...#
#...##.#.#.......#
...#############.#.#..####.#
#....(.........#.#.#..#..#.######


You could see a worker ant.

Vanquished Creatures
  A scorpion (D:4)
  An orc wizard (D:3)
  A hound (D:4)
  2 orc priests (D:4)
  An iguana (D:4)
  A worker ant (D:3)
  9 adders
  A worm (D:2)
  3 dart slugs
  3 leopard geckos
  13 orcs
  4 giant cockroaches
  8 hobgoblins
  9 jackals
  4 kobolds
  A quokka (D:4)
  7 bats
  7 frilled lizards
  12 goblins
  5 rats
93 creatures vanquished.

Notes
Turn   | Place    | Note
-------+----------+-------------------------------------------
     0 | D:1      | krabocopter the Ogre Fire Elementalist began the quest for the Orb.
     0 | D:1      | Reached XP level 1. HP: 16/16 MP: 3/3
    24 | D:1      | Reached skill level 1 in Conjurations
   135 | D:1      | Reached XP level 2. HP: 19/24 MP: 0/5
   150 | D:1      | Reached skill level 3 in Fire Magic
   691 | D:1      | Reached XP level 3. HP: 21/31 MP: 4/6
  1611 | D:2      | Reached XP level 4. HP: 39/39 MP: 5/7
  1668 | D:2      | Found a white marble altar of Elyvilon.
  1724 | D:2      | Found a hazy altar of Hepliaklqana.
  2042 | D:3      | Learned a level 2 spell: Searing Ray
  2123 | D:3      | Reached skill level 4 in Fire Magic
  2429 | D:3      | Reached XP level 5. HP: 45/45 MP: 3/8
  3377 | D:3      | Gained mutation: You expend magic power (3 MP) to strengthen your wands. [potion of mutation]
  3377 | D:3      | Gained mutation: You possess an exceptional clarity of mind. [potion of mutation]
  3886 | D:4      | Reached XP level 6. HP: 47/53 MP: 0/9
  4138 | D:4      | Reached skill level 5 in Fire Magic
  4913 | D:4      | Found a staircase to the Ecumenical Temple.
  4922 | Temple   | Entered the Ecumenical Temple
  5288 | D:3      | Slain by a worker ant

Vault maps used:
D:1:      tarquinn_simple_flora_water_b
D:2:      lemuel_doored_altar, elyvilon_altar_5
D:3:      minmay_misc_feat_four_crosses
D:4:      minmay_diamond_boxcup, minmay_temple_entry_poolview
Temple:   dpeg_five_rooms_temple

Skill      XL: |  1  2  3  4  5  6 |
---------------+-------------------+-----
Conjurations   | 1 2 3 4 |  4.3
Fire Magic     | 3 4 5 |  5.2
Dodging        | |  1.7
Stealth        | |  1.4
Spellcasting   | |  2.4

Action                   |  1- 3 |  4- 6 || total
-------------------------+-------+-------++-------
Melee: Dagger            |    91 |    47 ||   138
       Unarmed           |     4 |       ||     4
 Cast: Flame Tongue      |    38 |   101 ||   139
       Searing Ray       |       |     8 ||     8
  Use: Scroll            |       |     2 ||     2
       Potion            |       |     2 ||     2
 Stab: Sleeping          |     1 |     1 ||     2
       Distracted        |     1 |       ||     1
  Eat: Chunk             |     3 |    10 ||    13
       Fruit             |       |     1 ||     1
Armor: Robe              |    16 |    36 ||    52
Dodge: Dodged            |    60 |    56 ||   116
